 Dungeon Crawl Stone Soup version bcrawl-1.37.1 (webtiles) character file.

Game seed: 8549280144795724054

12331372 Morbidden the Whirler (level 19, -15/125 HPs)
             Began as a Skeleton Archaeologist on Oct 23, 2022.
             Was the Champion of Cheibriados.
             Demolished by a +3 scimitar of protection (17 damage)
             ... on level 2 of the Vaults.
             The game lasted 01:01:57 (32365 turns).

Morbidden the Whirler (Skeleton Archaeologist)     Turns: 32365, Time: 01:01:58

Health: -15/125    AC: 24    Str: 35      XL:     19   Next: 84%
Magic:  0/36       EV: 23    Int: 33 (34) God:    Cheibriados [******]
Gold:   1275       SH: 21    Dex: 22      Spells: 39/45 levels left

rFire    + + .     GDR:     40% b - +9 broad axe (flame)
rCold    + + .     SeeInvis .   L - +2 medium shield
rNeg     + + +     Gourm    .   l - +2 storm dragon scales {Bai Suzhen}
rPois    ∞         Faith    .   i - +0 hat of Mumblety Peg {Regen+}
rElec    +         Spirit   +   e - +0 cloak
rCorr    .         Reflect  +   s - +1 pair of gloves
MR       ++...     Clarity  +   W - +2 pair of boots
Stlth    ++........             o - +4 amulet of reflection
HPRegen  0.70/turn              h - ring of Goimon {rF++ rC+}
MPRegen  0.25/turn              E - +4 ring of evasion

@: very slightly contaminated, studying Fighting, very slow
A: no food or potions, cold resistance 1, deterioration 1, negative energy
resistance 3, powered by death 2, torment resistance, unbreathing, magic shield,
sturdy frame 2, spell healing
}: 2/15 runes: decaying, barnacled
a: Bend Time, Defer, Temporal Distortion, Step From Time, Renounce Religion


You were on level 2 of the Vaults.
You worshipped Cheibriados.
Cheibriados was exalted by your worship.
You were not hungry.

You visited 8 branches of the dungeon, and saw 31 of its levels.
You visited the Abyss 1 time.
You visited 1 bazaar.

You collected 5433 gold pieces.
You spent 4158 gold pieces at shops.

Inventory:

Hand Weapons
 a - the +10 fustibalus "Ryajeli" {venom, +Blink rN+++ MR- SInv}
   (You found it on level 6 of the Lair of Beasts)

   It poisons the ammo it fires.
   It renders you almost immune to negative energy.
   It affects your resistance to hostile enchantments.
   It lets you see invisible.
   It lets you blink.
 b - a +9 broad axe of flaming (weapon)
 d - a +1 blowgun
Missiles
 c - 1552 poisoned tomahawks
 f - 79 curare-tipped needles
 m - 4236 sling bullets
 n - 2685 stones
 r - 372 javelins of penetration {=f}
 y - 284 steel javelins
 Z - 1341 javelins (quivered)
Armour
 e - a +0 cloak (worn)
 i - the +0 hat of Mumblety Peg (worn) {Regen+}
   (You bought it in a shop in the Orcish Mines)

   It increases your rate of regeneration.
 l - +2 storm dragon scales (worn) {Bai Suzhen}
 s - a +1 pair of gloves (worn)
 z - a +2 robe of fire resistance
 I - the +4 leather armour of Crawling {+Blink MR+++ Dex-3 Stlth+}
   (You took it off a wight on level 9 of the Dungeon)

   It affects your dexterity (-3).
   It affects your resistance to hostile enchantments.
   It lets you blink.
   It makes you more stealthy.
 L - a +2 medium shield (worn)
 W - a +2 pair of boots (worn)
Jewellery
 h - the ring of Goimon (left hand) {rF++ rC+}
   (You acquired it on level 3 of the Dungeon)

   [ring of protection from cold]

   It greatly protects you from fire.
   It protects you from cold.
 o - a +4 amulet of reflection (around neck)
 p - an uncursed ring of magical power
 w - a cursed ring of protection from magic
 E - a +4 ring of evasion (right hand)
 G - a +7 ring of strength
 J - an uncursed ring of protection from cold
 P - an uncursed ring of protection from magic
 Q - an uncursed ring of ice
 V - the amulet "Jeyd" {Spirit +Inv rPois rC+ Int-2}
   (You took it off a deep elf sorcerer on level 3 of the Elven Halls)

   [amulet of guardian spirit]

   It causes incoming damage to be split between your health and magic.
   It affects your intelligence (-2).
   It protects you from cold.
   It protects you from poison.
   It lets you turn invisible.
Wands
 j - a wand of polymorph (17)
 t - a wand of flame (38)
 x - a wand of iceblast (39)
 C - a wand of charming (4)
 H - a wand of digging (23)
 M - a wand of acid (14)
 O - a wand of paralysis (9)
 S - a wand of disintegration (11)
Scrolls
 g - 5 scrolls of magic mapping
 k - 6 scrolls of teleportation
 q - 16 scrolls of remove curse
 u - 6 scrolls of immolation
 v - 2 scrolls of amnesia
 B - 2 scrolls of noise
 D - 12 scrolls of enchant armour
 F - a scroll of fog
 K - a scroll of fear
 R - a scroll of vulnerability
 T - 3 scrolls of silence
 Y - a scroll of blinking
Miscellaneous
 A - a box of beasts
 N - a sack of spiders
 U - 2 phantom mirrors
 X - a lamp of fire


   Skills:
 * Level 15.9 Fighting
   Level 8.9 Long Blades
 * Level 11.2(11.5) Axes
   Level 3.6(8.2) Maces & Flails
 * Level 20.4(20.5) Slings
 + Level 1.4(11.2) Throwing
 * Level 11.3 Armour
 * Level 11.0 Dodging
 + Level 5.0 Stealth
 * Level 11.9 Shields
 * Level 13.5 Spellcasting
 * Level 10.5 Conjurations
 * Level 9.0 Fire Magic
 * Level 8.9 Invocations
 * Level 8.4 Evocations


You had 39 spell levels left.
You knew the following spells:

 Your Spells              Type           Power        Failure   Level  Hunger
a - Bolt of Fire          Conj/Fire      ######....   36%         6    N/A

Your spell library contained the following spells:

 Spells                   Type           Power        Failure   Level  Hunger
 Flame Tongue             Conj/Fire      #####        1%          1    N/A
 Magic Dart               Conj           ####         1%          1    N/A
 Throw Frost              Conj/Ice       ######       1%          2    N/A
 Iskenderun's Mystic Bla  Conj           #######.     1%          3    N/A
 Dazzling Orbs            Conj/Hex       ######.      4%          3    N/A
 Stone Arrow              Conj/Erth      ######       4%          3    N/A
 Inner Flame              Hex/Fire       N/A          6%          3    N/A
 Fireball                 Conj/Fire      ######....   7%          5    N/A
 Ignite Poison            Fire/Tmut/Pois #####...     12%         3    N/A
 Apportation              Tloc           ###...       14%         1    N/A
 Blink Other              Tloc           ###...       14%         1    N/A
 Corona                   Hex            ###....      14%         1    N/A
 Freeze                   Ice            ###...       14%         1    N/A
 Infusion                 Chrm           ###.....     14%         1    N/A
 Necrotize                Necr           ###...       14%         1    N/A
 Sandblast                Erth           ###...       14%         1    N/A
 Slow                     Hex            ###.....     14%         1    N/A
 Throw Icicle             Conj/Ice       ######..     16%         4    N/A
 Blink                    Tloc           N/A          22%         2    N/A
 Ensorcelled Hibernation  Hex/Ice        ###...       22%         2    N/A
 Passwall                 Tmut/Erth      ###.....     22%         2    N/A
 Shackle                  Hex            ###.....     22%         2    N/A
 Song of Slaying          Chrm           ###.....     22%         2    N/A
 Sticks to Snakes         Tmut           ###.....     22%         2    N/A
 Swiftness                Chrm/Air       ###.....     22%         2    N/A
 Bolt of Magma            Conj/Fire/Erth ######....   26%         5    N/A
 Confuse                  Hex            ###.....     38%         3    N/A
 False Image              Hex/Summ       ###.....     38%         3    N/A
 Ozocubu's Armour         Chrm/Ice       ###.....     38%         3    N/A
 Portal Projectile        Tloc           ###...       38%         3    N/A
 Recall                   Summ/Tloc      N/A          38%         3    N/A
 Spectral Weapon          Hex/Chrm       ###.....     38%         3    N/A
 Teleport Other           Tloc           ###.....     38%         3    N/A
 Tukima's Dance           Hex            ###.....     38%         3    N/A
 Vampiric Draining        Necr           ###.......   38%         3    N/A
 Irradiate                Conj/Tmut      ######....   41%         5    N/A
 Steam Barrier            Chrm/Fire      ######....   52%         5    N/A
 Agony                    Necr           ###.....     80%         4    N/A
 Airstrike                Air            ###.......   80%         4    N/A
 Animate Dead             Necr           N/A          80%         4    N/A
 Cause Fear               Hex            ###.......   80%         4    N/A
 Petrify                  Tmut/Erth      ###.......   80%         4    N/A
 Summon Ice Beast         Ice/Summ       ###.....     80%         4    N/A
 Yara's Violent Unravell  Hex/Tmut       ###.......   80%         4    N/A
 Poison Arrow             Conj/Pois      ######....   94%         6    N/A
 Dispel Undead            Necr           ###.....     98%         5    N/A
 Lee's Rapid Deconstruct  Erth           ###.......   98%         5    N/A
 Metabolic Englaciation   Hex/Ice        ###.......   98%         5    N/A
 Passage of Golubria      Tloc           N/A          98%         5    N/A
 Silence                  Hex/Air        ###.......   98%         5    N/A
 Borgnjor's Vile Clutch   Necr/Erth      ###.......   100%        6    N/A
 Death Channel            Chrm/Necr      ###.......   100%        6    N/A
 Deflect Missiles         Chrm/Air       ###.......   100%        6    N/A
 Infestation              Hex/Tmut/Pois  ###......    100%        6    N/A
 Simulacrum               Ice/Necr       ###.....     100%        6    N/A
 Virulence                Hex/Pois       ###.....     100%        6    N/A
 Discord                  Hex            ###.......   100%        7    N/A
 Mana Rupture             Conj/Hex       ######....   100%        7    N/A
 Chain Lightning          Conj/Air       ######....   100%        8    N/A
 Ignition                 Fire           ######....   100%        8    N/A
 Tornado                  Tloc/Air       ###.......   100%        8    N/A
 Beastly Appendage        Tmut           Unusable     N/A         1    N/A
 Regeneration             Chrm/Necr      Unusable     N/A         3    N/A
 Spider Form              Tmut/Pois      Unusable     N/A         3    N/A
 Ice Form                 Ice/Tmut       Unusable     N/A         4    N/A
 Tree Form                Hex/Tmut       Unusable     N/A         4    N/A
 Blade Hands              Tmut           Unusable     N/A         5    N/A
 Statue Form              Tmut/Erth      Unusable     N/A         6    N/A

Dungeon Overview and Level Annotations

Branches:
Dungeon (12/12)            Temple (1/1) D:6            Lair (6/6) D:9
  Swamp (3/3) Lair:2       Shoals (3/3) Lair:3        Slime (0/5) Lair:6
    Orc (1/1) D:10            Elf (3/3) Orc          Vaults (2/3) D:11
  Crypt (0/2) Vaults:1     Depths (0/5) D:12

Altars:
Cheibriados
Dithmenos
Gozag
Kikubaaqudgha
Makhleb
Okawaru
Qazlal
Sif Muna
Trog
Uskayaw
Xom
Yredelemnul
Jiyva

Shops:
D:6 :   D:9 !   D:10 (   D:12 [   Orc [:(*=   Elf:1 *([?   Vaults:1 [

Annotations:
Lair:2 3 runed translucent doors, zoran's ghost, journeyman TrMA
Lair:4 exclusion: oklob plant
Swamp:1 1 runed translucent door, Quickbrownfox's ghost, journeyman DsAc
Shoals:2 2 transporters, dcsswall's ghost, journeyman OgAc
Elf:2 3 runed doors
Vaults:2 Boris


Innate Abilities, Weirdness & Mutations

You do not eat or drink.
You are immune to poison.
Your flesh is cold resistant. (rC+)
Your body sometimes deteriorates upon taking damage.
You are immune to negative energy. (rN+++)
You regenerate health from kills.
You are immune to unholy pain and torment.
You can survive without breathing.
When hurt, damage is shared between your health and your magic reserves.
Your movements are less encumbered by armour. (ER -4)
Casting spells heals you.


Message History

No path to travel!
You slice the vault warden!! You burn the vault warden!
The vault warden is almost dead.
You hit the +3 scimitar of protection but do no damage.
You block the +3 scimitar of protection's attack.
The +3 scimitar of protection misses you.
The vault warden hits you with a +3 vampiric glaive!!!
* * * LOW HITPOINT WARNING * * *
Your body deteriorates!
You feel dopey.
No path to travel!
No path to travel!
Blink to where?
Press: ? - help, Dir - move target cursor
Things that are here:
a +0 flail a +0 scale mail; a human corpse You are very lightly contaminated with residual magic.
As you read the scroll of blinking, it crumbles to dust.
The +3 scimitar of protection hits you!!
You die...

#..# #..# #..# #..# #..# #
#..# .#
#..###########+#####..####
................([p.......
)...............@§........
...)......................
..).......................
..........................
..........................
#.....................####
#.....................#
... .............# ..


You could see a vault warden and a +3 scimitar of protection.

Vanquished Creatures
  Xtahua (Vaults:2)
  Bai Suzhen (Elf:3)
  A bone dragon (Swamp:3)
  A deep elf master archer (Elf:3)
  A kraken (Shoals:3)
  A deep elf blademaster (Elf:3)
  A tentacled starspawn (Abyss:2)
  A thorn hunter (Swamp:2)
  Roxanne (Swamp:3)
  Ilsuiw (Shoals:3)
  A war gargoyle (Vaults:2)
  2 orc warlords
  2 vault wardens (Vaults:2)
  2 deep elf sorcerers
  2 cacodemons
  4 deep elf elementalists (Elf:3)
  3 ironheart preservers (Vaults:1)
  4 very ugly things (Vaults:1)
  5 deep elf demonologists (Elf:3)
  A red draconian (Abyss:2)
  10 deep elf annihilators
  11 merfolk impalers (Shoals:3)
  5 deep elf death magi
  An ettin (Orc)
  Snorg (Orc)
  5 merfolk javelineers (Shoals:3)
  A jiangshi (Vaults:1)
  3 mutant beasts (D:11)
  2 fire dragons (Lair:6)
  3 deep elf high priests (Elf:3)
  4 rakshasas
  15 hydras
  An ice dragon (D:11)
  A shambling mangrove (Swamp:2)
  2 shadow wraiths
  2 alligator snapping turtles (Shoals:3)
  3 alligators
  A catoblepas (D:12)
  2 ghost crabs (Swamp:3)
  3 merfolk avatars (Shoals:3)
  5 ogre magi
  Sonja (Lair:4)
  A satyr (Shoals:2)
  15 two-headed ogres
  5 merfolk aquamancers
  10 sea snakes
  10 dancing weapons
  3 orc high priests
  15 deep elf knights
  3 spriggans
  A centaur warrior (Shoals:1)
  A sixfirhy (Abyss:1)
  A goliath frog (Swamp:1)
  A death drake (Swamp:1)
  5 wizards
  5 swamp dragons
  2 spriggan druids
  A kraken simulacrum (Shoals:3)
  2 spectral hydras (Swamp:3)
  A glowing orange brain (D:12)
  2 lindwurms
  4 cyclopes
  A phantasmal warrior (Swamp:3)
  10 deep elf archers
  3 harpies (Lair:3)
  3 ironheart convokers
  A necromancer (Lair:5)
  3 orc knights (Orc)
  An orb spider (shapeshifter) (D:12)
  A wolf spider zombie (D:11)
  56 deep elf magi
  5 orc sorcerers
  A worldbinder (Abyss:1)
  13 fauns (Shoals:1)
  2 apocalypse crabs
  11 manticores
  23 ugly things
  A moth of wrath (Lair:3)
  A moth of wrath (shapeshifter) (D:12)
  A rust devil (Abyss:2)
  13 will-o'-wisps
  A guardian serpent (shapeshifter) (Elf:1)
  8 merfolk sirens
  10 elephants
  A smoke demon (Abyss:2)
  A vault sentinel (Vaults:1)
  12 black mambas
  3 water nymphs
  3 molten gargoyles (Lair:6)
  3 orange demons
  A gargoyle (D:10)
  Joseph (D:8)
  17 cane toads
  8 komodo dragons
  A demonic crawler (Abyss:1)
  2 freezing wraiths
  3 rime drakes
  3 swamp worm zombies (Swamp:3)
  15 yaktaurs
  A tormentor (Abyss:2)
  An efreet (Abyss:1)
  2 ancient zymes (Abyss:1)
  An eye of draining (Abyss:1)
  5 flying skulls (Abyss:2)
  3 hydra zombies (Swamp:3)
  5 trolls
  3 wind drakes
  6 hornets
  18 merfolk
  5 snapping turtles
  Grinder (D:4)
  A polar bear (Lair:6)
  11 bog bodies
  A harpy skeleton (D:12)
  3 raiju
  14 blink frogs
  6 tyrant leeches
  25 slime creatures
  2 spectral swamp dragons (Swamp:3)
  10 dream sheep
  A dream sheep (shapeshifter) (Vaults:1)
  8 hippogriffs
  2 alligator zombies (Swamp:3)
  4 air elementals
  A shadow (D:11)
  2 wyverns (Lair:6)
  14 water elementals
  2 vampires
  2 ynoxinuls (Abyss:1)
  8 wraiths
  38 yaks
  8 basilisks
  12 vampire mosquitoes
  A chaos spawn (Abyss:1)
  5 neqoxecs
  4 fire elementals
  4 hungry ghosts
  2 steam dragons
  A warg (Orc)
  9 swamp worms
  An acid dragon (shapeshifter) (Elf:3)
  17 crocodiles
  11 water moccasins
  2 acid dragons
  5 hell hounds
  10 large abominations
  A soldier ant (D:10)
  4 swamp drakes
  3 ice beasts (D:8)
  22 orc warriors
  12 porcupines
  A black bear (D:9)
  7 phantoms
  2 elephant zombies (Lair:5)
  2 sky beasts
  4 swamp dragon zombies (Swamp:3)
  2 necrophages (D:9)
  16 ogres
  10 wolves
  5 boggarts
  15 bullfrogs
  Blork the orc (D:5)
  5 kobold brigands
  3 earth elementals
  A komodo dragon zombie (Lair:5)
  7 small abominations
  3 centaurs
  10 scorpions
  12 killer bees
  2 howler monkeys (D:9)
  14 wights
  10 electric eels
  12 orc priests
  7 crimson imps
  6 lava snakes
  5 quasits
  A basilisk zombie (Lair:5)
  6 jellies
  2 bullfrog skeletons
  A gnoll shaman (D:10)
  7 hounds
  14 orc wizards
  Ijyb (D:5)
  5 iguanas
  7 worker ants
  2 spectral swamp drakes (Swamp:3)
  A killer bee zombie (D:8)
  A crocodile zombie (Lair:5)
  A hound zombie (D:7)
  A hound skeleton (D:8)
  2 howler monkey zombies
  A worker ant zombie (D:7)
  10 gnolls
  12 adders
  2 swamp drake zombies (Swamp:3)
  5 shadow imps
  A white imp (Abyss:1)
  2 ufetubi
  7 oozes
  An adder skeleton (D:4)
  4 worms
  3 dart slugs
  10 leopard geckos
  49 orcs
  7 giant cockroaches
  9 hobgoblins
  11 jackals
  30 kobolds
  7 quokkas
  A ball python (D:3)
  8 bats
  4 frilled lizards
  11 goblins
  A quokka zombie (D:5)
  6 rats
  A lurking horror (Abyss:1)
  5 plants
  2 starspawn tentacles (Abyss:2)
  5 tentacles (Shoals:3)
1218 creatures vanquished.

Vanquished Creatures (others)
  A deep elf master archer (Elf:3)
  Asterion (Elf:3)
  A deep elf blademaster (Elf:3)
  A deep elf demonologist (Elf:3)
  2 merfolk javelineers
  A centaur warrior (D:11)
  A fire crab (shapeshifter) (D:12)
  A cyclops (D:11)
  3 deep elf archers
  A faun (Shoals:1)
  3 yaktaurs
  2 merfolk (Shoals:3)
  A swamp drake (Swamp:3)
  A centaur (Shoals:1)
  An orc wizard (D:10)
  3 orcs (D:10)
  48 fungi
  65 plants
  A starspawn tentacle (Abyss:2)
  6 tentacles (Shoals:3)
144 creatures vanquished.

Grand Total: 1362 creatures vanquished

Notes
Turn   | Place    | Note
-------+----------+-------------------------------------------
     0 | D:1      | Morbidden the Skeleton Archaeologist began the quest for
                  | the Orb.
     0 | D:1      | Reached XP level 1. HP: 12/12 MP: 1/1
   107 | D:1      | Reached XP level 2. HP: 12/16 MP: 2/2
   483 | D:1      | Reached XP level 3. HP: 20/20 MP: 2/4
   506 | D:1      | Reached skill level 1 in Spellcasting
  1267 | D:2      | Reached XP level 4. HP: 24/26 MP: 5/5
  1986 | D:2      | Reached skill level 1 in Armour
  2145 | D:3      | Reached skill level 1 in Slings
  2206 | D:3      | Reached XP level 5. HP: 30/30 MP: 8/8
  2206 | D:3      | Identified a scroll of acquirement
  2206 | D:3      | Identified the ring of Goimon {rF++ rC+} (You acquired it
                  | on level 3 of the Dungeon)
  2255 | D:3      | Found a faded altar of an unknown god.
  2768 | D:3      | Reached skill level 2 in Slings
  3205 | D:4      | Noticed a troll
  3239 | D:3      | Gained mutation: You regenerate a little health from kills.
                  | [Skeleton growth]
  3239 | D:3      | Reached XP level 6. HP: 15/35 MP: 4/10
  3654 | D:4      | Got a distressingly furry scale mail
  3747 | D:4      | Identified the +6 scale mail of Follow the Leader {rElec
                  | rN+ Int-5} (You found it on level 4 of the Dungeon)
  3822 | D:4      | Reached XP level 7. HP: 40/40 MP: 12/12
  3832 | D:4      | Killed a troll
  3833 | D:4      | Reached skill level 1 in Axes
  3833 | D:4      | Reached skill level 4 in Slings
  3937 | D:4      | Found a basalt altar of Yredelemnul.
  4068 | D:5      | Entered Level 5 of the Dungeon
  4068 | D:5      | Noticed Grinder
  4072 | D:5      | Paralysed by Grinder for 2 turns
  4080 | D:4      | Reached skill level 5 in Slings
  4088 | D:4      | Paralysed by Grinder for 3 turns
  4103 | D:4      | Paralysed by Grinder for 3 turns
  4108 | D:4      | Killed Grinder
  4109 | D:4      | Reached skill level 5 in Dodging
  4109 | D:4      | Reached XP level 8. HP: 10/46 MP: 3/14
  4348 | D:5      | Reached skill level 6 in Slings
  4350 | D:5      | Found a shadowy altar of Dithmenos.
  4599 | D:5      | Noticed Blork the orc
  4617 | D:5      | Killed Blork the orc
  4618 | D:5      | Reached skill level 5 in Spellcasting
  4667 | D:5      | Reached skill level 7 in Slings
  4668 | D:5      | Noticed Ijyb
  4806 | D:5      | Killed Ijyb
  5059 | D:6      | Found an ancient bone altar of Kikubaaqudgha.
  5060 | D:6      | Found a stormy altar of Qazlal.
  5060 | D:6      | Found a glowing silver altar of Zin.
  5061 | D:6      | Found an iron altar of Okawaru.
  5201 | D:6      | Noticed a hippogriff
  5211 | D:6      | Killed a hippogriff
  5212 | D:6      | Reached skill level 5 in Fighting
  5299 | D:6      | Found a staircase to the Ecumenical Temple.
  5321 | D:6      | Reached XP level 9. HP: 54/54 MP: 17/17
  5424 | Temple   | Entered the Ecumenical Temple
  5528 | Temple   | Became a worshipper of Cheibriados the Contemplative
  5689 | D:6      | Found Zuedyagu's Book Shop.
  6467 | D:7      | Found a shimmering blue altar of Sif Muna.
  6874 | D:7      | Got a fading long sword
  6926 | D:7      | Reached * piety under Cheibriados
  7317 | D:8      | Identified the +6 long sword of Awkwardness {flame, rElec}
                  | (You found it on level 7 of the Dungeon)
  7411 | D:8      | Reached skill level 1 in Evocations
  7413 | D:8      | Reached skill level 1 in Invocations
  7768 | D:8      | Reached skill level 8 in Slings
  7824 | D:8      | Reached ** piety under Cheibriados
  7867 | D:8      | Reached skill level 5 in Armour
  8129 | D:8      | Noticed Joseph
  8143 | D:8      | Killed Joseph
  8144 | D:8      | Gained mutation: Your movements are less encumbered by
                  | armour. (ER -4) [Skeleton growth]
  8144 | D:8      | Reached XP level 10. HP: 61/63 MP: 19/19
  8287 | D:9      | Found Geajerub's Distillery.
  8319 | D:9      | Reached *** piety under Cheibriados
  8395 | D:9      | Noticed a two-headed ogre
  8400 | D:9      | Reached skill level 9 in Slings
  8423 | D:9      | Reached skill level 5 in Axes
  8569 | D:9      | Identified the +4 leather armour of Crawling {+Blink MR+++
                  | Dex-3 Stlth+}
  8633 | D:9      | Reached **** piety under Cheibriados
  8684 | D:9      | Reached skill level 10 in Slings
  8774 | D:9      | Reached ***** piety under Cheibriados
  8780 | D:9      | Found a staircase to the Lair.
  8875 | D:9      | Reached XP level 11. HP: 68/68 MP: 21/21
  9262 | D:10     | Entered Level 10 of the Dungeon
  9418 | D:10     | Found Zoefuojun's Antique Weapon Shop.
  9452 | D:10     | Reached skill level 1 in Long Blades
  9631 | D:10     | Reached skill level 1 in Shields
  9737 | D:10     | Found a staircase to the Orcish Mines.
  9862 | D:6      | Bought the Incunabulum of Flames for 756 gold pieces
  9869 | D:6      | Learned a level 6 spell: Bolt of Fire
 10068 | D:10     | Noticed a two-headed ogre
 10078 | D:10     | Killed a two-headed ogre
 10169 | Lair:1   | Entered Level 1 of the Lair of Beasts
 10191 | Lair:1   | Reached skill level 11 in Slings
 10191 | Lair:1   | Reached skill level 1 in Conjurations
 10388 | Lair:1   | Noticed a four-headed hydra
 10404 | Lair:1   | Killed a one-headed hydra
 10405 | Lair:1   | Reached skill level 1 in Fire Magic
 10714 | Lair:1   | Reached ****** piety under Cheibriados
 11175 | Lair:2   | Reached XP level 12. HP: 73/75 MP: 21/23
 11631 | Lair:2   | Found a runed translucent gate.
 11631 | Lair:2   | Found a runed translucent gate.
 11631 | Lair:2   | Found a runed translucent gate.
 11824 | Lair:2   | Noticed zoran's ghost (journeyman TrMA)
 11955 | Lair:2   | Found a staircase to the Swamp.
 12197 | Lair:3   | Reached skill level 12 in Slings
 12260 | Lair:3   | Found a runed door.
 12268 | Lair:3   | Found a staircase to the Shoals.
 12559 | Lair:3   | Reached skill level 5 in Long Blades
 12931 | Lair:3   | Noticed an eight-headed hydra
 12936 | Lair:3   | Killed an eight-headed hydra
 12972 | Lair:3   | Found the +8 storm bow {lightning, rElec Stlth-}
 13460 | Lair:4   | Noticed a four-headed hydra
 13467 | Lair:4   | Killed a four-headed hydra
 13468 | Lair:4   | Reached skill level 10 in Fighting
 13703 | Lair:4   | Reached XP level 13. HP: 77/82 MP: 23/25
 14254 | Lair:5   | Noticed Sonja
 14261 | Lair:4   | Killed Sonja
 14474 | Lair:5   | Reached skill level 5 in Shields
 14943 | Lair:6   | Entered Level 6 of the Lair of Beasts
 14977 | Lair:6   | Reached skill level 13 in Slings
 15246 | Lair:6   | Found a viscous altar of Jiyva.
 15246 | Lair:6   | Found a staircase to the Slime Pits.
 15542 | Lair:6   | Reached XP level 14. HP: 88/88 MP: 27/27
 15550 | Lair:6   | Got a wavering ivory ring
 15552 | Lair:6   | Identified the ring "Nunounue" {Dex+4 Stlth--} (You found
                  | it on level 6 of the Lair of Beasts)
 15590 | Lair:6   | Got a scorched fustibalus
 15591 | Lair:6   | Identified the +10 fustibalus "Ryajeli" {venom, +Blink
                  | rN+++ MR- SInv} (You found it on level 6 of the Lair of
                  | Beasts)
 15634 | Lair:6   | Reached skill level 5 in Conjurations
 15783 | Lair:6   | Found a large runed door.
 15784 | Lair:6   | Found a large runed door.
 16308 | Lair:6   | Reached skill level 5 in Invocations
 16320 | Lair:6   | Got a twisted rapier
 16335 | Lair:6   | Identified the +9 rapier of Yraxke {pain, MR+ Dex+2} (You
                  | found it on level 6 of the Lair of Beasts)
 16702 | D:11     | Found a white marble altar of Elyvilon.
 16877 | D:11     | Found a gate to the Vaults.
 16877 | D:11     | Found a runed translucent door.
 16903 | D:11     | Reached skill level 10 in Spellcasting
 17289 | D:12     | Entered Level 12 of the Dungeon
 17579 | D:12     | Found Zajar's Armour Shoppe.
 18074 | D:12     | Reached skill level 14 in Slings
 18097 | D:12     | Reached skill level 5 in Evocations
 18136 | D:12     | Found a staircase to the Depths.
 18450 | Orc      | Entered the Orcish Mines
 18468 | Orc      | Noticed Snorg
 18470 | Orc      | Reached skill level 5 in Fire Magic
 18483 | Orc      | Killed Snorg
 18603 | Orc      | Paralysed by an orc sorcerer for 2 turns
 18610 | Orc      | Noticed an orc warlord
 18620 | Orc      | Killed an orc warlord
 18658 | Orc      | Reached XP level 15. HP: 95/95 MP: 29/29
 18659 | Orc      | Found a roughly hewn altar of Beogh.
 18690 | Orc      | Found Oteoxist's Antique Weapon Emporium.
 18836 | Orc      | Found a staircase to the Elven Halls.
 18965 | Orc      | Found Sapp's Book Emporium.
 19015 | Orc      | Found Kupaodoh's Antique Armour Emporium.
 19030 | Orc      | Found Ysopp's General Store.
 19058 | Orc      | Found Bieqas Osib's Jewellery Shop.
 19469 | Swamp:1  | Entered Level 1 of the Swamp
 19572 | Swamp:1  | Reached skill level 15 in Slings
 19644 | Swamp:1  | Found a runed translucent door.
 19646 | Swamp:1  | Found a shimmering altar of Xom.
 19646 | Swamp:1  | Noticed Quickbrownfox's ghost (journeyman DsAc)
 20165 | Swamp:1  | Paralysed by a wizard for 3 turns
 20644 | Orc      | Bought a manual of Slings for 1435 gold pieces
 21234 | Swamp:2  | Noticed a thorn hunter
 21240 | Swamp:2  | Killed a thorn hunter
 21412 | Swamp:3  | Entered Level 3 of the Swamp
 21432 | Swamp:3  | Noticed Roxanne
 21448 | Swamp:3  | Killed Roxanne
 21449 | Swamp:3  | Reached skill level 16 in Slings
 21452 | Swamp:3  | Identified Roxanne's Disquisition on Transformation (You
                  | took it off Roxanne on level 3 of the Swamp)
 21779 | Swamp:3  | Noticed a bone dragon
 22138 | Swamp:3  | Killed a bone dragon
 22139 | Swamp:3  | Gained mutation: You regenerate health from kills.
                  | [Skeleton growth]
 22139 | Swamp:3  | Reached XP level 16. HP: 84/101 MP: 26/31
 22379 | Swamp:3  | Got a decaying rune of Zot
 23274 | Lair:3   | Reached skill level 17 in Slings
 23318 | Shoals:1 | Entered Level 1 of the Shoals
 23851 | Shoals:1 | Reached skill level 5 in Stealth
 24184 | Orc      | Bought a buzzing hat for 216 gold pieces
 24184 | Orc      | Identified the +0 hat of Mumblety Peg {Regen+} (You bought
                  | it in a shop in the Orcish Mines)
 24424 | Shoals:2 | Identified the +8 demon trident of Terror {freeze, rN+
                  | Str+2 Stlth+}
 24697 | Shoals:2 | Noticed dcsswall's ghost (journeyman OgAc)
 24698 | Shoals:2 | Found a transporter.
 24702 | Shoals:2 | Found a transporter.
 24703 | Shoals:2 | Found a bloodstained altar of Trog.
 24703 | Shoals:2 | Identified the +4 trident of Bespelled Subterfuge {holy,
                  | *Corrode rElec rC+ rN+}
 24900 | Shoals:3 | Entered Level 3 of the Shoals
 24918 | Shoals:3 | Noticed Ilsuiw
 25006 | Shoals:3 | Identified the ring "Toriat" {rPois Int+6} (You acquired it
                  | on level 3 of the Shoals)
 25215 | Shoals:3 | Killed Ilsuiw
 25295 | Shoals:3 | Reached skill level 18 in Slings
 25309 | Shoals:3 | Reached skill level 10 in Shields
 25311 | Shoals:3 | Reached skill level 10 in Armour
 25318 | Shoals:3 | Reached XP level 17. HP: 79/108 MP: 20/32
 25347 | Shoals:3 | Identified the cursed +1 scale mail of Jidgheojun {rPois
                  | rCorr Int-5}
 25361 | Shoals:3 | Got a barnacled rune of Zot
 25407 | Shoals:3 | Noticed a kraken
 25420 | Shoals:3 | Killed a kraken
 25832 | Shoals:3 | Reached skill level 10 in Dodging
 25963 | Shoals:3 | Identified the Compendium of Ensnaring Shape Shifting
 26359 | Elf:1    | Entered Level 1 of the Elven Halls
 26594 | Elf:1    | Found Puelyton's Assorted Antiques.
 26603 | Elf:1    | Bought a scroll of enchant weapon for 262 gold pieces
 26876 | Elf:1    | Found Utzah's Antique Weapon Shop.
 26900 | Elf:1    | Reached skill level 1 in Throwing
 26924 | Elf:1    | Found Opir's Antique Armour Shoppe.
 26933 | Elf:1    | Bought a pair of embroidered gloves for 232 gold pieces
 27170 | Elf:1    | Identified the Volume of Arcane Weapons
 27313 | Elf:1    | Found Seacsibb's Magic Scroll Shop.
 27321 | Elf:1    | Bought a scroll of enchant weapon for 97 gold pieces
 27321 | Elf:1    | Bought a scroll of enchant weapon for 97 gold pieces
 27760 | Elf:2    | Reached XP level 18. HP: 115/115 MP: 32/34
 27979 | Elf:2    | Found a runed gate.
 27980 | Elf:2    | Found a runed gate.
 27980 | Elf:2    | Found a runed gate.
 28128 | Elf:3    | Entered Level 3 of the Elven Halls
 28159 | Elf:3    | Found a flickering gateway to a bazaar.
 28164 | Bazaar   | Entered a bazaar
 28164 | Bazaar   | Found Voippom's Magic Scroll Boutique.
 28164 | Bazaar   | Found Uram's Weapon Shop.
 28164 | Bazaar   | Found Igawkoky's General Store.
 28177 | Bazaar   | Bought a manual of Fighting for 883 gold pieces
 28192 | Bazaar   | Bought a scroll of enchant weapon for 60 gold pieces
 28192 | Bazaar   | Bought a scroll of enchant weapon for 60 gold pieces
 28198 | Bazaar   | Bought a scroll of blinking for 60 gold pieces
 28274 | Elf:3    | Noticed Asterion
 28282 | Elf:3    | Killed Asterion
 28615 | Elf:3    | Reached skill level 19 in Slings
 28724 | Elf:3    | Identified the cursed ring "Zuiluc Soxt" {+Inv Dex+2
                  | Stlth--}
 28726 | Elf:3    | Noticed Bai Suzhen
 28757 | Elf:3    | Killed Bai Suzhen
 29099 | Elf:3    | Identified the +2 mace of Mamp {drain, *Contam Fragile +Inv
                  | rN++}
 29099 | Elf:3    | Identified the amulet "Jeyd" {Spirit +Inv rPois rC+ Int-2}
 29166 | Elf:3    | Identified the +9 morningstar of Righteous Fury {freeze,
                  | rF+ MR+ Dex+2}
 29166 | Elf:3    | Identified the ring of Salvation {rPois rF+ MR+ Slay-4}
 29171 | Elf:3    | Noticed a Hell Sentinel
 29260 | Elf:3    | Noticed an Ice Fiend
 29261 | Elf:3    | Cast into level 1 of the Abyss (a deep elf demonologist)
 30011 | Abyss:2  | Reached skill level 15 in Fighting
 30067 | Elf:3    | Escaped the Abyss
 30090 | Elf:3    | Reached skill level 20 in Slings
 30146 | Elf:3    | Reached XP level 19. HP: 104/124 MP: 27/36
 30288 | Elf:3    | Identified the +2 arbalest of Gotyopp {penet, rElec rF++
                  | rC-}
 30294 | Elf:3    | Identified Lehudib's Papyrus of Earthen Conjuration
 30306 | Elf:3    | Identified Sif Muna's Collected Works on Attacks and the
                  | Rocks
 30630 | D:11     | Reached skill level 10 in Conjurations
 30710 | Vaults:1 | Entered Level 1 of the Vaults
 31038 | Vaults:1 | Found Beghif's Antique Armour Shoppe.
 31109 | Vaults:1 | Reached skill level 10 in Axes
 31442 | Vaults:1 | Found a staircase to the Crypt.
 32197 | Vaults:2 | Noticed Boris
 32336 | Vaults:2 | Noticed Xtahua
 32354 | Vaults:2 | Killed Xtahua
 32355 | Vaults:2 | Found the +6 fire dragon scales of Xtahua {rF+++ rC- MR+}
 32364 | Vaults:2 | HP: 1/125 [vault warden/+3 vampiric glaive (34)]
 32365 | Vaults:2 | Demolished by a +3 scimitar of protection

Skill      XL: |  1  2  3  4  5  6  7  8  9 10 11 12 13 14 15 16 17 18 19 |
---------------+----------------------------------------------------------+-----
Spellcasting   | 1 2 3 4 5 6 7 8 9 10 11 12 13 | 13.5
Maces & Flails | 2 3 |  3.6
Stealth        | 4 5 |  5.0
Armour         | 1 2 3 5 6 7 8 9 10 11 | 11.3
Dodging        | 4 5 6 7 8 9 10 11 | 11.0
Slings         | 1 2 5 7 8 10 11 12 13 14 16 18 20 | 20.4
Fighting       | 2 3 5 7 8 10 11 12 13 15 | 15.9
Axes           | 1 2 4 5 6 8 9 11 | 11.2
Evocations     | 1 2 3 4 5 6 7 8 |  8.4
Invocations    | 1 2 3 4 5 6 7 8 |  8.9
Long Blades    | 4 5 7 8 |  8.9
Shields        | 2 3 6 7 8 10 11 | 11.9
Conjurations   | 2 3 4 6 7 8 9 10 | 10.5
Fire Magic     | 2 3 4 5 6 7 8 9 |  9.0
Throwing       | 1 |  1.4

Action                   |  1- 3 |  4- 6 |  7- 9 | 10-12 | 13-15 | 16-18 | 19-21 || total
-------------------------+-------+-------+-------+-------+-------+-------+-------++-------
Melee: Whip              |   145 |       |       |       |       |       |       ||   145
       Mace              |    40 |   146 |       |       |       |       |       ||   186
       War axe           |       |    26 |    42 |       |       |       |       ||    68
       Battleaxe         |       |       |    77 |    14 |       |       |       ||    91
       Long sword        |       |       |       |   153 |   260 |       |       ||   413
       Broad axe         |       |       |       |       |       |   129 |   128 ||   257
 Fire: Hunting sling     |       |   180 |   304 |   782 |   250 |       |       ||  1516
       Blowgun           |       |     1 |   169 |    23 |       |       |       ||   193
       Fustibalus        |       |       |       |       |   944 |  1470 |   186 ||  2600
Throw: Javelin           |       |       |       |       |       |    53 |       ||    53
 Cast: Bolt of Fire      |       |       |       |       |       |       |     1 ||     1
Invok: Bend Time         |       |       |       |     1 |       |     2 |       ||     3
       Defer             |       |       |       |       |       |     1 |       ||     1
Evoke: Wand              |       |       |     3 |     1 |       |     2 |       ||     6
       Lamp of fire      |       |       |       |       |       |     2 |     1 ||     3
  Use: Scroll            |     1 |     2 |     2 |     5 |    17 |    16 |     1 ||    44
 Stab: Sleeping          |     7 |       |       |       |     2 |       |       ||     9
       Distracted        |       |       |       |       |     1 |       |       ||     1
Armor: Robe              |    73 |    93 |       |       |       |       |       ||   166
       Scale mail        |       |     6 |   201 |   104 |   180 |   133 |       ||   624
       Storm dragon scal |       |       |       |       |       |       |    57 ||    57
Dodge: Dodged            |   170 |   210 |   261 |   322 |   493 |   488 |   169 ||  2113
Block: Other             |    19 |    54 |    82 |    18 |       |       |       ||   173
       Reflection        |     1 |     2 |     5 |     7 |    12 |    99 |    15 ||   141
       Buckler           |       |       |       |   201 |   522 |   489 |   127 ||  1339
       Medium shield     |       |       |       |       |       |       |    70 ||    70
